 Dungeon Crawl Stone Soup version 0.17-a0-1979-g1c74939 (webtiles) character file.

558 tp1 the Covered (level 7, -2/42 HPs)
             Began as a Gargoyle Berserker on Oct 5, 2015.
             Was a Priest of Trog.
             Slain by an orc priest (3 damage)
             ... on level 4 of the Dungeon.
             The game lasted 00:14:48 (2523 turns).

tp1 the Covered (Gargoyle Berserker)                Turns: 2523, Time: 00:14:51

Health: -2/42      AC: 14    Str: 22    XL:     7   Next: 31%
Magic:  7/7        EV: 11    Int:  8    God:    Trog [***...]
Gold:   159        SH:  0    Dex:  9    Spells: 0 memorised, 6 levels left

rFire  . . .     SeeInvis .     a - +0 hand axe
rCold  . . .     Clarity  .     s - +0 ring mail
rNeg   + . .     SustAt   .     (no shield)
rPois  ∞         Gourm    .     x - +0 helmet
rElec  +         Spirit   .     (no cloak)
rCorr  .         Warding  .     (no gloves)
rMut   .         Stasis   .     r - +0 pair of boots
MR     .....                    (no amulet)
Stlth  ..........               (no ring)
                                (no ring)

@: about to teleport, not resistant to hostile enchantments, extremely
unstealthy
A: negative energy resistance 1, electricity resistance, unbreathing,
petrification resistance, rot immunity, AC +4
a: Burn Spellbooks, Berserk, Trog's Hand, Renounce Religion


You were on level 4 of the Dungeon.
You worshipped Trog.
Trog was most pleased with you.
You were near starving.

You visited 1 branch of the dungeon, and saw 4 of its levels.

You collected 159 gold pieces.

Inventory:

Hand Weapons
 a - a +0 hand axe (weapon)
 i - a +0 mace
 w - a +0 mace
 y - a +0 morningstar
 D - a +2 flail of protection
Armour
 b - a +0 animal skin
 d - a +0 leather armour
 r - a +0 pair of boots (worn)
 s - a +0 ring mail (worn)
 x - a +0 helmet (worn)
 C - a +0 chain mail
Wands
 A - a wand of frost (8)
Scrolls
 f - a scroll of enchant weapon
 h - 2 scrolls of remove curse
 j - a scroll of identify {unknown}
 k - a scroll of magic mapping {unknown}
 m - a scroll of immolation {unknown}
 n - a scroll of random uselessness {unknown}
 o - a scroll of fear {unknown}
 p - a scroll of fog {unknown}
 q - a scroll of amnesia {unknown}
Potions
 e - a potion of mutation {unknown}
 l - 3 potions of lignification {unknown}
 t - 2 potions of magic {unknown}
 u - a potion of curing {unknown}
 v - 2 potions of ambrosia {unknown}
 B - a potion of heal wounds {unknown}
Comestibles
 c - 6 bread rations
 g - a meat ration
 z - a beef jerky


   Skills:
 - Level 3.7 Fighting
 - Level 3.0(3.3) Axes
 * Level 2.2(3.1) Maces & Flails
 + Level 7.6 Armour
 - Level 1.8 Dodging


You had 6 spell levels left.
You didn't know any spells.

Dungeon Overview and Level Annotations

Branches:
Dungeon (4/15)             Temple (0/1) D:4

Altars:
Gozag
Sif Muna
Vehumet


Innate Abilities, Weirdness & Mutations

You are resistant to torment.
Your stone body is resilient (AC +4).
You are immune to poison.
You resist negative energy.
You are resistant to electric shocks.
You can survive without breathing.
You are immune to petrification.
You are immune to rotting.


Message History

You closely miss the orc wizard.
The orc wizard is almost dead.
You hit the orc.
You kill the orc!
Trog accepts your kill.
You closely miss the orc.
The orc is moderately wounded.
You hit the orc priest.
The orc priest is almost dead.
You hit the orc priest.
The orc priest is severely wounded.
You hit the orc.
The orc is almost dead.
The orc barely misses you.
The orc priest calls down the wrath of Beogh upon you.
Something smites you!
* * * LOW HITPOINT WARNING * * *
The orc hits you but does no damage.
You feel strangely unstable. The orc wizard barely misses you.
The orc priest hits you.
You die...

#..................#
#........ .........#####
#........ .####.......#
#.(...... .##
#.#####.######## #........ ..
#.#............. #.(...... #.
#.##.##'########
#.........###.##............#
#
#............oo.............#
#
#............o@.............#
# ......)oo............# #
.....................# #
.....................# #
...##########........# # ..
.... # # .. # #


You could see 2 orc priests, an orc wizard and 2 orcs.

Vanquished Creatures
  Grinder (D:3)
  Edmund (D:4)
  An orc wizard (D:3)
  Terence (D:3)
  A worker ant (D:4)
  Robin (D:3)
  4 gnolls (D:4)
  4 adders
  2 oozes
  A worm (D:3)
  5 giant geckos
  5 orcs
  4 giant cockroaches
  14 goblins
  9 hobgoblins
  2 quokkas (D:2)
  A ball python (D:2)
  8 bats
  2 giant newts (D:3)
  4 kobolds
  6 rats
77 creatures vanquished.

Notes
Turn   | Place    | Note
--------------------------------------------------------------
     0 | D:1      | tp1 the Gargoyle Berserker began the quest for the Orb.
     0 | D:1      | Reached XP level 1. HP: 14/14 MP: 1/1
    32 | D:1      | You fall through a shaft!
    49 | D:2      | Reached XP level 2. HP: 17/20 MP: 2/2
   252 | D:1      | Reached XP level 3. HP: 22/24 MP: 3/3
   848 | D:2      | Acquired Trog's second power
   949 | D:2      | Reached XP level 4. HP: 26/29 MP: 4/4
  1054 | D:3      | Noticed Robin
  1071 | D:3      | Reached skill level 4 in Armour
  1084 | D:3      | Killed Robin
  1229 | D:3      | Reached skill level 5 in Armour
  1229 | D:3      | Reached XP level 5. HP: 13/33 MP: 5/5
  1238 | D:3      | Found an opulent altar of Gozag.
  1557 | D:3      | Noticed Grinder
  1558 | D:3      | Noticed Terence
  1574 | D:3      | Killed Terence
  1591 | D:3      | Killed Grinder
  1591 | D:3      | Reached skill level 7 in Armour
  1591 | D:3      | Reached XP level 6. HP: 8/38 MP: 6/6
  2013 | D:3      | Found a radiant altar of Vehumet.
  2128 | D:4      | Noticed Edmund
  2142 | D:4      | Killed Edmund
  2142 | D:4      | Reached skill level 1 in Maces & Flails
  2142 | D:4      | Reached XP level 7. HP: 42/42 MP: 7/7
  2294 | D:4      | Found a deep blue altar of Sif Muna.
  2397 | D:4      | Found a staircase to the Ecumenical Temple.
  2523 | D:4      | HP: 1/42 [orc priest/divine providence (10)]
  2523 | D:4      | Slain by an orc priest

Vault maps used:
D:1:      dpeg_arrival_arbitrary_b, serial_park_tiny_1, grunt_decor_cap,
          serial_park_tiny_pond
D:3:      nicolae_overflow_crystal_walls, first_bread, vehumet_altar_wand_db,
          uniq_grinder, uniq_robin, uniq_terence
D:4:      kennysheep_mini_moat, old_standard_altar,
          minmay_temple_entry_purple_smoke, uniq_edmund

Action                   |  1- 3 |  4- 6 |  7- 9 || total
-------------------------+-------+-------+-------++-------
Melee: Hand axe          |    16 |    25 |     6 ||    47
       Mace              |    75 |    91 |       ||   166
       Morningstar       |       |    24 |       ||    24
       Flail             |       |       |    26 ||    26
Invok: Berserk           |       |     2 |       ||     2
  Use: Scroll            |       |       |     3 ||     3
  Eat: Chunk             |       |     5 |     1 ||     6
